 Dungeon Crawl Stone Soup version 0.31-a0-174-g85c54bcb58 (webtiles) character file.

Game seed: 3323395629121135400

45680 frimble the Martial Artist (level 14, -8/97 HPs)
             Began as an Octopode Warper on June 15, 2023.
             Was a High Priest of Cheibriados.
             Killed from afar by a rime drake (21 damage)
             ... with an icy flash freeze
             ... on level 3 of the Lair of Beasts.
             The game lasted 00:34:55 (23173 turns).

frimble the Martial Artist (Octopode Warper)       Turns: 23173, Time: 00:34:55

Health: -8/97      AC:  3    Str: 26    XL:     14   Next: 34%
Magic:  1/30       EV: 19    Int: 31    God:    Cheibriados [*****.]
Gold:   3285       SH:  0    Dex: 27    Spells: 10/23 levels left

rFire   . .          .
                       - Unarmed
rCold   . . .        (no shield)
rNeg    + . .        s - +2 hat
rPois   .            P - amulet of regeneration
rElec   .            e - ring of see invisible
rCorr   .            h - ring of magical power
SInv    +            K - ring of positive energy
Will    +....        (no ring)
Stlth   ++++++       (no ring)
HPRegen 0.36/turn    (no ring)
MPRegen 0.22/turn    (no ring)
                     (no ring)

%: no passive effects
@: very slow
A: almost no armour, amphibious, 8 rings, camouflage 1, gelatinous body 1,
(nimble swimmer 1), tentacles
a: Renounce Religion, Bend Time, Temporal Distortion, Slouch, Step From Time


You were on level 3 of the Lair of Beasts.
You worshipped Cheibriados.
Cheibriados was extremely pleased with you.
You visited 4 branches of the dungeon, and saw 19 of its levels.
You also visited: Sewer, Ossuary and Ice Cave.

You collected 3426 gold pieces.
You spent 141 gold pieces at shops.

Inventory:

Missiles
 b - 6 boomerangs of dispersal
 k - 23 boomerangs
 r - a silver boomerang
Armour
 f - a +0 buckler
 s - a +2 hat (worn)
Jewellery
 e - a ring of see invisible (left tentacle)
 g - an amulet of the acrobat
 h - a ring of magical power (right tentacle)
 x - a ring of flight
 K - a ring of positive energy (on tentacle)
 L - a ring of poison resistance
 P - an amulet of regeneration (around mantle)
Wands
 y - a wand of flame (2)
 I - a wand of polymorph (3)
 J - a wand of digging (7)
Scrolls
 a - 5 scrolls of blinking
 c - 11 scrolls of teleportation
 d - 4 scrolls of enchant weapon
 j - 2 scrolls of amnesia
 o - 3 scrolls of butterflies
 u - 3 scrolls of fog
 v - 2 scrolls of vulnerability {unknown}
 w - 3 scrolls of torment
 B - a scroll of enchant armour
 F - 3 scrolls of poison
 G - a scroll of immolation {unknown}
 M - 3 scrolls of identify
 N - a scroll of revelation
Potions
 i - 3 potions of ambrosia
 l - 3 potions of mutation
 m - a potion of resistance
 n - a potion of heal wounds
 p - 2 potions of might
 q - 2 potions of lignification
 t - a potion of cancellation
 z - 2 potions of attraction
 A - a potion of enlightenment {unknown}
 C - 2 potions of curing
 D - 2 potions of invisibility
 E - a potion of berserk rage {unknown}
 O - a potion of brilliance {unknown}
Miscellaneous
 H - a phial of floods


   Skills:
 + Level 9.2 Fighting
 - Level 1.0 Throwing
 + Level 6.4 Dodging
 - Level 10.1 Stealth
 + Level 1.9 Shields
 - Level 11.0 Unarmed Combat
 + Level 5.1 Spellcasting
 - Level 8.6 Translocations
 - Level 6.0 Transmutations
 - Level 6.0 Fire Magic
 + Level 8.9 Poison Magic
 + Level 9.5 Invocations
 - Level 7.0 Evocations


You had 10 spell levels left.
You knew the following spells:

 Your Spells              Type           Power      Damage    Failure   Level
a - Blink                 Tloc           100%       N/A       1%          2
b - Gell's Gravitas       Tloc           57%        N/A       1%          3
c - Olgreb's Toxic Radia  Pois           59%        N/A       1%          4
d - Ignite Poison         Fire/Tmut/Pois 50%        N/A       1%          3
e - Sting                 Tmut/Pois      100%       1d8       1%          1

Your spell library contained the following spells:

 Spells                   Type           Power      Damage    Failure   Level
 Foxfire                  Conj/Fire      100%       2x1d9     1%          1
 Lesser Beckoning         Tloc           100%       N/A       1%          2
 Poisonous Vapours        Pois/Air       70%        N/A       1%          2
 Spider Form              Tmut/Pois      53%        N/A       1%          3
 Teleport Other           Tloc           57%        N/A       1%          3
 Manifold Assault         Tloc           57%        N/A       1%          4
 Cigotuvi's Dreadful Rot  Necr/Pois/Air  52%        N/A       2%          2
 Vhi's Electric Charge    Tloc/Air       68%        N/A       2%          3
 Shock                    Conj/Air       32%        1d5       5%          1
 Ensorcelled Hibernation  Hex/Ice        16%        N/A       9%          2
 Static Discharge         Conj/Air       16%        2-3/arc   9%          2
 Summon Guardian Golem    Hex/Summ       8%         N/A       16%         3
 Swiftness                Air            8%         N/A       16%         3
 Dispersal                Tloc           28%        N/A       24%         6
 Fireball                 Conj/Fire      13%        3d7       41%         5
 Airstrike                Air            4%         2d(1-17)  47%         4
 Anguish                  Hex/Necr       4%         N/A       47%         4
 Summon Lightning Spire   Summ/Air       8%         N/A       47%         4
 Freezing Cloud           Conj/Ice/Air   4%         6-21      83%         5
 Plasma Beam              Fire/Air       13%        2x1d24    94%         6
 Starburst                Conj/Fire      13%        6d5       94%         6
 Orb of Destruction       Conj           4%         9d5       100%        7
 Spellforged Servitor     Conj/Summ      4%         N/A       100%        7
 Storm Form               Tmut/Air       13%        N/A       100%        7


Dungeon Overview and Level Annotations

Branches:
Dungeon (13/15)            Temple (1/1) D:4            Lair (3/5) D:8
 Spider (0/4) Lair:2          Orc (2/2) D:12            Elf (0/3) Orc:2
  Sewer (visited)         Ossuary (visited)           IceCv (visited)
  Swamp: Lair:2-3    Shoals: Lair:2-3    Vaults: D:13-14

Altars:
Ashenzari
Cheibriados
Dithmenos
Elyvilon
Fedhas
Gozag
Hepliaklqana
Kikubaaqudgha
Makhleb
Nemelex Xobeh
Okawaru
Qazlal
Ru
Sif Muna
Trog
Uskayaw
Vehumet
Wu Jian
Xom
Yredelemnul
Zin
The Shining One

Shops:
D:1 [   D:5 !   D:12 (   D:13 *   Orc:2 *!:[(

Annotations:
D:10 fire vault


Innate Abilities, Weirdness & Mutations

You cannot wear most types of armour.
You are amphibious.
You can wear up to eight rings at the same time.
Your skin changes colour to match your surroundings (Stealth+).
Your rubbery body absorbs attacks. (AC +1, EV +1)
((You are camouflaged when in or above water. (Stealth+)))
You have tentacles for arms and can constrict up to eight enemies at once.


Message History

Casting: Sting (safe; 1% risk of failure)
Confirm with . or Enter, or press ? or * to list all spells.
You don't have enough magic to cast this spell.
You bludgeon the cane toad! You grab the cane toad.
The cane toad is severely wounded.
You constrict the cane toad. The cane toad completely misses you.
You tentacle-slap the cane toad.
You tentacle-slap the cane toad, but do no damage.
You squeeze the cane toad.
You kill the cane toad!
Cheibriados thoroughly appreciates the change of pace.
You feel sick.
You feel sick.
You are no longer poisoned.
A wyvern comes into view.
A wyvern is nearby!
A wyvern is nearby!
You catch the helpless wyvern completely off-guard!
You batter the wyvern!!
The wyvern is severely wounded.
The wyvern bites you!
* * * LOW HITPOINT WARNING * * *
The wyvern barely misses you.
You tentacle-slap the wyvern but do no damage.
You tentacle-slap the wyvern.
The wyvern is almost dead.
The wyvern bites you!
* * * LOW HITPOINT WARNING * * *
Casting: Sting (safe; 1% risk of failure)
Confirm with . or Enter, or press ? or * to list all spells.
You blink.
Aiming: Throw Flame
Press: ? - help, Shift-Dir - straight line, f - wyvern
Aim: a wyvern (translocational energy, almost dead, 74% to hit)
The puff of flame hits the wyvern.
The wyvern is almost dead.
The rime drake hisses angrily.
The rime drake breathes ice at you. The icy flash freeze hits you!!
You die...

##P...#....## ##
####......P###
#.#P
####....#.##....
###..........
####.........
#......##P#.
#§###.## #
#.l.######
#...@..#.#
#.......#
#...†#..#
#.....#..#
###.####..# ..##
.... #.. ...
#.k# .# #


You could see a rime drake (catching breath) and a wyvern.

Vanquished Creatures
  Snorg (D:12)
  The ghost of Moral the Arsonist, a journeyman DrFE (Lair:1)
  The ghost of jasper the Nimble, a journeyman SpVM of Kikubaaqudgha (D:11)
  5 orc high priests (Orc:2)
  4 two-headed ogres
  The ghost of liarliar the Grappler, a novice TrWr of Cheibriados (D:9)
  A skyshark (Lair:2)
  Lodul (D:13)
  Pikel (D:7)
  8 orc knights
  An ugly thing (IceCv)
  An orc sorcerer (Orc:2)
  2 black mambas (Lair:1)
  9 cane toads
  A gargoyle (D:12)
  An unseen horror zombie (D:9)
  Psyche (D:8)
  4 komodo dragons
  A kobold demonologist (D:13)
  A merfolk (D:11)
  2 polar bears (Lair:2)
  6 trolls
  6 meliai (D:13)
  15 blink frogs
  A vampire (D:13)
  41 yaks
  3 shadows
  The ghost of lunkers the Covered, an amateur MeWn (D:3)
  A basilisk (D:13)
  2 fire bats (Lair:1)
  12 vampire mosquitoes
  Grum (D:8)
  3 wraiths
  3 wyverns
  3 wargs (D:12)
  The ghost of comborobin the Sneak, an amateur DEDe of Okawaru (D:5)
  6 water moccasins
  37 orc warriors
  An ice beast (D:6)
  2 sky beasts
  2 black bears (D:5)
  16 ogres
  12 wolves
  3 centaurs
  Blork the orc (D:4)
  10 bullfrogs
  A kobold brigand (D:10)
  A scorpion (D:4)
  7 wights
  2 elephant simulacra (IceCv)
  10 killer bees
  8 howler monkeys
  2 electric eels (D:8)
  A lava snake (D:10)
  A centaur zombie (D:9)
  10 hounds
  A jelly (D:4)
  2 gnoll boudas
  30 orc priests
  2 sleepcaps
  An iguana (D:6)
  9 orc wizards
  A polar bear simulacrum (IceCv)
  3 wolf simulacra (IceCv)
  2 mummies (Ossuary)
  6 gnolls
  11 adders
  5 river rats
  3 white imps
  3 ufetubi
  6 worms
  2 dart slugs
  73 orcs
  8 endoplasms
  4 giant cockroaches
  5 goblins
  4 hobgoblins
  5 jackals
  8 quokkas
  10 ball pythons
  9 bats
  9 frilled lizards
  6 gnoll zombies (Ossuary)
  4 goblin zombies (Ossuary)
  3 hobgoblin zombies (Ossuary)
  14 kobolds
  An orc zombie (Ossuary)
  6 rats
536 creatures vanquished.

Vanquished Creatures (collateral kills)
  A yak (D:11)
  An orc priest (D:12)
  2 orcs (D:12)
4 creatures vanquished.

Vanquished Creatures (others)
  2 yaks
  An orc (D:8)
3 creatures vanquished.

Grand Total: 543 creatures vanquished

Notes
Turn   | Place    | Note
-------+----------+-------------------------------------------
     0 | D:1      | frimble the Octopode Warper began the quest for the Orb.
     0 | D:1      | Reached XP level 1. HP: 14/14 MP: 3/3
   367 | D:1      | Reached XP level 2. HP: 19/19 MP: 5/5
   370 | D:1      | Learned a level 2 spell: Blink
   417 | D:1      | Found Pihiydis's Antique Armour Shop.
   507 | D:1      | Reached skill level 3 in Unarmed Combat
   883 | D:2      | Reached XP level 3. HP: 19/24 MP: 6/6
  1170 | D:2      | Found a faded altar of an unknown god.
  1481 | D:2      | Reached skill level 4 in Unarmed Combat
  1651 | D:2      | Reached XP level 4. HP: 29/29 MP: 7/7
  1955 | D:4      | Noticed an ogre
  1956 | D:4      | Noticed a scorpion
  1970 | D:4      | Killed a scorpion
  1971 | D:4      | Reached skill level 5 in Unarmed Combat
  1971 | D:4      | Reached XP level 5. HP: 12/34 MP: 8/8
  2238 | D:4      | Found a sand-covered staircase.
  2244 | D:4      | Found a staircase to the Ecumenical Temple.
  2247 | Ossuary  | Entered an ossuary
  2558 | D:5      | Entered Level 5 of the Dungeon
  2645 | D:5      | Reached skill level 6 in Unarmed Combat
  2645 | D:5      | Reached XP level 6. HP: 27/39 MP: 9/9
  2711 | D:5      | Reached skill level 1 in Stealth
  2776 | D:5      | Found Ettafecs's Distillery.
  2787 | D:5      | HP: 1/39 [sleepcap (4)]
  2942 | D:5      | Found a glowing drain.
  2948 | Sewer    | Entered a sewer
  3585 | D:5      | Bought a potion of lignification for 33 gold pieces
  3585 | D:5      | Bought a potion of heal wounds for 55 gold pieces
  3658 | D:5      | Noticed a black bear
  3665 | D:5      | Killed a black bear
  3666 | D:5      | Reached XP level 7. HP: 44/46 MP: 10/10
  3861 | D:5      | Found a transporter.
  3865 | D:5      | Found a transporter.
  4245 | D:4      | Reached skill level 1 in Evocations
  4288 | D:4      | Noticed Blork the orc
  4357 | D:4      | Killed Blork the orc
  4358 | D:4      | Reached XP level 8. HP: 36/54 MP: 11/11
  4598 | D:4      | Reached skill level 5 in Stealth
  4633 | D:4      | Found a burning altar of Makhleb.
  4740 | Temple   | Entered the Ecumenical Temple
  4931 | Temple   | Became a worshipper of Cheibriados the Contemplative
  5287 | D:3      | Found a runed translucent door.
  5292 | D:3      | Noticed lunkers's ghost (amateur MeWn)
  5449 | D:3      | Found a runed translucent door.
  5896 | D:3      | Identified a scroll of acquirement
  5898 | D:3      | Acquired a +1 hat
  6118 | D:6      | Reached * piety under Cheibriados
  6228 | D:6      | Found a sacrificial altar of Ru.
  7037 | D:7      | Noticed Pikel
  7043 | D:7      | Learned a level 3 spell: Gell's Gravitas
  7050 | D:7      | Killed Pikel
  7051 | D:7      | Reached skill level 5 in Fighting
  7051 | D:7      | Reached skill level 5 in Translocations
  7051 | D:7      | Reached XP level 9. HP: 23/61 MP: 12/12
  7888 | D:8      | Found a staircase to the Lair.
  7893 | D:8      | Reached skill level 7 in Unarmed Combat
  7902 | D:8      | Reached ** piety under Cheibriados
  7903 | D:8      | Noticed a troll
  7927 | D:8      | Killed a troll
  8123 | D:8      | Noticed Psyche
  8131 | D:8      | Reached skill level 5 in Evocations
  8141 | D:8      | Killed Psyche
  8152 | D:8      | Noticed Grum
  8313 | D:9      | Reached XP level 10. HP: 15/69 MP: 13/13
  8752 | D:8      | Reached *** piety under Cheibriados
  9148 | D:8      | Killed Grum
  9674 | D:9      | Reached skill level 8 in Unarmed Combat
  9987 | D:9      | Found a runed translucent gate.
  9987 | D:9      | Found a runed translucent gate.
  9987 | D:9      | Found a runed translucent gate.
  9987 | D:9      | Noticed liarliar's ghost (novice TrWr)
  9989 | D:9      | Found a basalt altar of Yredelemnul.
 10611 | D:9      | Reached skill level 10 in Stealth
 10643 | D:9      | Found an opulent altar of Gozag.
 10911 | D:10     | Entered Level 10 of the Dungeon
 11087 | D:10     | Reached **** piety under Cheibriados
 11292 | D:10     | Noticed a two-headed ogre
 11298 | D:10     | Killed a two-headed ogre
 11299 | D:10     | Reached skill level 1 in Invocations
 11299 | D:10     | Reached XP level 11. HP: 76/76 MP: 14/14
 11669 | D:10     | Found a shadowy altar of Dithmenos.
 11749 | D:10     | Found a hide-covered altar of Uskayaw.
 12180 | D:11     | Noticed a two-headed ogre
 12186 | D:11     | Killed a two-headed ogre
 12437 | D:11     | Reached skill level 9 in Unarmed Combat
 12700 | D:11     | Found a runed translucent gate.
 12700 | D:11     | Found a runed translucent gate.
 12701 | D:11     | Found a runed translucent gate.
 12702 | D:11     | Noticed jasper's ghost (journeyman SpVM)
 13136 | Lair:1   | Entered Level 1 of the Lair of Beasts
 13136 | Lair:1   | Found a runed translucent door.
 13146 | Lair:1   | Noticed Moral's ghost (journeyman DrFE)
 13370 | D:8      | Reached skill level 5 in Dodging
 13641 | Lair:1   | Reached ***** piety under Cheibriados
 13646 | Lair:1   | Reached XP level 12. HP: 29/84 MP: 14/15
 13933 | Lair:1   | Learned a level 4 spell: Olgreb's Toxic Radiance
 14096 | Lair:1   | Reached skill level 1 in Poison Magic
 14096 | Lair:1   | Reached skill level 5 in Invocations
 14613 | D:12     | Found Lioconn's Firing Range.
 14619 | D:12     | Noticed a two-headed ogre
 14633 | D:11     | a two-headed ogre changed into a merfolk
 14842 | D:12     | Noticed Snorg
 14909 | D:12     | Reached skill level 10 in Unarmed Combat
 14936 | D:12     | Noticed a two-headed ogre
 14945 | D:12     | Killed Snorg
 14947 | D:12     | Killed a two-headed ogre
 14962 | D:12     | Noticed a two-headed ogre
 14979 | D:13     | Found Sausint's Blood Bar.
 15004 | D:13     | Found a frozen archway.
 15023 | IceCv    | Entered an ice cave
 15425 | D:13     | Learned a level 3 spell: Ignite Poison
 15516 | D:13     | Reached skill level 1 in Transmutations
 15516 | D:13     | Reached skill level 1 in Fire Magic
 15797 | D:13     | Noticed Lodul
 15806 | D:13     | Killed Lodul
 15807 | D:13     | Reached skill level 5 in Poison Magic
 16494 | D:12     | Acquired 979 gold pieces
 16550 | D:12     | Found a staircase to the Orcish Mines.
 16844 | D:12     | Killed a two-headed ogre
 16845 | D:12     | Reached XP level 13. HP: 85/90 MP: 17/18
 17273 | D:11     | Killed jasper's ghost
 17540 | D:9      | Killed liarliar's ghost
 17541 | D:9      | Reached skill level 11 in Unarmed Combat
 17846 | Orc:1    | Entered Level 1 of the Orcish Mines
 18089 | Orc:2    | Entered Level 2 of the Orcish Mines
 18867 | Orc:2    | Found a staircase to the Elven Halls.
 19380 | Orc:2    | Reached skill level 5 in Transmutations
 19406 | Orc:2    | Reached skill level 5 in Fire Magic
 19557 | Orc:2    | Reached ****** piety under Cheibriados
 19889 | Orc:2    | Found Ezar's Antique Weapon Shop.
 19977 | Orc:2    | Found Loenis's General Store.
 19978 | Orc:2    | Found Zeov's Book Shop.
 19978 | Orc:2    | Found Ojynt's Distillery.
 19979 | Orc:2    | Found Horheonequ's Armour Shop.
 19988 | Orc:2    | Bought a potion of degeneration for 14 gold pieces
 19991 | Orc:2    | Bought a potion of curing for 39 gold pieces
 20342 | D:5      | Noticed comborobin's ghost (amateur DEDe)
 20368 | D:5      | Killed comborobin's ghost
 20655 | D:3      | Killed lunkers's ghost
 21104 | Lair:1   | Reached XP level 14. HP: 97/97 MP: 20/20
 21286 | Lair:1   | Learned a level 1 spell: Sting
 21615 | Lair:1   | Identified the +0 scale mail of Shielding {Fly Will+}
 21785 | Lair:1   | Killed Moral's ghost
 22170 | Lair:2   | Reached skill level 1 in Shields
 22296 | Lair:2   | Reached skill level 5 in Spellcasting
 22626 | Lair:2   | Found a hole to the Spider Nest.
 23173 | Lair:3   | Killed from afar by a rime drake

Illustrated notes

Levels and vault maps discovered:
D:1:      ldierk_walled_garden_2, layout_loops_corners, serial_shops, shop
D:2:      layout_loops_cross, hellmonk_ecumenical_altar_dog_temple, nrook_uturn
D:3:      layout_loops_corners, ebering_ghost_sewer_f, nicolae_grassy_gnolls
D:4:      layout_cave_pools, makhleb_heckhound_becter,
          minmay_temple_entry_butterflies, enter_ossuary_3, uniq_blork_the_orc
D:5:      layout_gridville, serial_shops, shop, gup_sewer_entry_spiral,
          gammafunk_ghost_hive
D:6:      nicolae_cairo_tiling_very_big, layout_basic,
          mainiacjoe_overflow_catwalk, serial_park_tiny_pond,
          grunt_ministairs_15
D:7:      layout_cave_pools, uniq_pikel
D:8:      layout_basic, erik_lair_island, special_room [special_room_orc],
          feat_on_display, uniq_grum, uniq_psyche
D:9:      layout_long_grid, general_overflow_altar,
          nicolae_yredelemnul_ghost_church, roderic_lattice_a
D:10:     lemuel_flame_loot_2, layout_loops_ring, kennysheep_mini_moat,
          nicolae_uskayaw_suspiria
D:11:     layout_roguey, ebering_ghost_rock_garden
D:12:     layout_irregular_city, minmay_orc_entry_guard_dogs,
          nicolae_shop_firing_range, uniq_snorg
D:13:     layout_roguey, portal_ice_cave_entry_pillars_1, drop_trap,
          minmay_gold_behind_fungi, guppyfry_shop_blood, uniq_lodul,
          uniq_erolcha
Temple:   eino_temple_scatter_basement
Lair:1:   layout_gridlike, gammafunk_ghost_grave, grunt_megastairs_3
Lair:2:   layout_misc_corridors, spider_nest_entry_web_field
Lair:3:   layout_layer_cave, nicolae_swamp_entry_spooky, beast_lair_carwin_1,
          uniq_sonja, uniq_amaemon
Orc:1:    layout_caves
Orc:2:    st_orc_pillars, layout_caves, serial_shops,
          nicolae_shop_tiny_statue_garden

Skill      XL: |  1  2  3  4  5  6  7  8  9 10 11 12 13 14 |
---------------+-------------------------------------------+-----
Unarmed Combat | 3 4 5 6 7 8 9 10 11 | 11.0
Stealth        | 3 4 6 8 10 | 10.1
Dodging        | 3 5 6 |  6.4
Fighting       | 3 4 5 6 7 8 9 |  9.2
Evocations     | 1 3 5 7 |  7.0
Translocations | 5 6 7 8 |  8.6
Invocations    | 1 4 7 9 |  9.5
Poison Magic   | 5 8 |  8.9
Transmutations | 3 5 6 |  6.0
Fire Magic     | 3 5 6 |  6.0
Spellcasting   | 4 5 |  5.1
Shields        | 1 |  1.9
Throwing       | |  1.0

Action                     |  1- 3 |  4- 6 |  7- 9 | 10-12 | 13-15 || total
---------------------------+-------+-------+-------+-------+-------++-------
  Melee: Unarmed           |    94 |   177 |   210 |   411 |   240 ||  1132
         Constrict         |    22 |    54 |    46 |    58 |    48 ||   228
         Tentacles         |    17 |    42 |    72 |   123 |    67 ||   321
         Punch             |     1 |     9 |    17 |    42 |    25 ||    94
  Throw: Boomerang         |       |    15 |       |    48 |       ||    63
         Throwing net      |       |       |     1 |     2 |       ||     3
   Cast: Blink             |       |     3 |     4 |    23 |    13 ||    43
         Gell's Gravitas   |       |       |     2 |    12 |       ||    14
         Olgreb's Toxic Ra |       |       |       |     9 |    62 ||    71
         Ignite Poison     |       |       |       |     8 |    27 ||    35
         Sting             |       |       |       |       |     8 ||     8
 Invoke: Slouch            |       |       |       |     6 |     3 ||     9
         Step From Time    |       |       |       |       |     1 ||     1
  Evoke: Wand              |       |       |     9 |    19 |     8 ||    36
         Phial of floods   |       |       |       |       |     1 ||     1
    Use: Scroll            |       |    10 |     7 |     8 |     1 ||    26
         Potion            |       |     2 |       |     2 |     5 ||     9
   Stab: Sleeping          |    10 |    11 |    11 |    13 |     5 ||    50
         Distracted        |     1 |       |       |     1 |     4 ||     6
         Held in net/web   |       |       |       |     4 |       ||     4
 Armour: Skin              |     6 |     8 |    12 |    51 |    18 ||    95
  Dodge: Dodged            |    50 |    80 |   128 |   295 |   215 ||   768

Table legend: (Time is in decaauts)
 A = Elapsed time spent in this place.
 B = Non-inter-level travel time spent in this place.
 C = Inter-level travel time spent in this place.
 D = Time resting spent in this place.
 E = Time spent auto-exploring this place.
 F = Levels seen in this place.
 G = Mean time per level.
                   A        B        C        D        E       F      G
               +--------+--------+--------+--------+--------+-----+--------+
         Total |  29417 |  26695 |   2722 |    434 |  21921 |  22 | 1337.1 |
       Dungeon |  20340 |  17934 |   2406 |    305 |  14907 |  13 | 1564.6 |
        Temple |    202 |    180 |     22 |      0 |    164 |   1 |  202.0 |
          Lair |   4577 |   4446 |    131 |     57 |   3783 |   3 | 1525.7 |
  Orcish Mines |   3012 |   2850 |    162 |      0 |   2260 |   2 | 1506.0 |
         Sewer |    565 |    565 |      0 |      0 |    384 |   1 |  565.0 |
       Ossuary |    303 |    303 |      0 |      0 |    185 |   1 |  303.0 |
      Ice Cave |    415 |    415 |      0 |     72 |    237 |   1 |  415.0 |
               +--------+--------+--------+--------+--------+-----+--------+

Top non-repeatable levels by time:
  Lair:1: 2722 daAuts
     D:9: 2493 daAuts
     D:8: 2492 daAuts
    D:10: 2076 daAuts
   Orc:2: 1882 daAuts
    D:11: 1806 daAuts
     D:5: 1692 daAuts
  Lair:2: 1680 daAuts
     D:3: 1584 daAuts
    D:12: 1504 daAuts
     D:7: 1308 daAuts
    D:13: 1303 daAuts
     D:6: 1278 daAuts
   Orc:1: 1129 daAuts
     D:4: 998 daAuts
